 Dungeon Crawl Stone Soup version 0.31-a0-977-gc230f8ef24 (webtiles) character file.

Game seed: 5438010013636538985

350 timneilson the Changeling (level 6, -1/41 HPs)
             Began as an Octopode Shapeshifter on Oct 29, 2023.
             Slain by a gnoll
             ... wielding a +0 spear
             ... led by a gnoll bouda
              (5 damage)
             ... on level 4 of the Dungeon.
             The game lasted 00:05:13 (2603 turns).

timneilson the Changeling (Octopode Shapeshifter)   Turns: 2603, Time: 00:05:14

Health: -1/41      AC:  1    Str: 16    XL:     6   Next: 60%
Magic:  8/8        EV: 11    Int: 12    God:
Gold:   167        SH:  8    Dex: 11    Spells: 7/7 levels left

rFire   . .          .
                       - Unarmed
rCold   . . .        g - +1 kite shield
rNeg    . . .        (helmet currently unavailable)
rPois   .            (no amulet)
rElec   .            (no ring)
rCorr   .            (no ring)
SInv    .            (no ring)
Will    .....        (no ring)
Stlth   +++          (no ring)
HPRegen 0.26/turn    (no ring)
MPRegen 0.11/turn    (no ring)
                     (no ring)

%: no passive effects
@: brilliant, beast-form, hasted, very quick
A: beast (slay +2), almost no armour, amphibious, 8 rings, camouflage 1,
gelatinous body 1, (nimble swimmer 1), tentacles
a: Begin Untransformation


You were on level 4 of the Dungeon.
You were a hulking beast.
You visited 1 branch of the dungeon, and saw 4 of its levels.

You collected 167 gold pieces.

Inventory:

Armour
 g - a +1 kite shield (worn)
Talismans
 b - a beast talisman
 c - a flux talisman
Wands
 e - a wand of polymorph (8)
 i - a wand of flame (12)
Scrolls
 f - a scroll of revelation
 j - a scroll of poison {unknown}
 k - 2 scrolls of enchant armour
Potions
 a - a potion of lignification
 d - a potion of attraction
 h - a potion of resistance


   Skills:
 * Level 2.8 Fighting
 * Level 3.4 Dodging
 + Level 2.3 Stealth
 + Level 0.2 Shields
 * Level 4.0 Unarmed Combat
 + Level 1.4 Spellcasting
 + Level 0.5 Evocations
 * Level 4.0 Shapeshifting


You had 7 spell levels left.
You didn't know any spells.
Your spell library was empty.

Dungeon Overview and Level Annotations

Branches:
Dungeon (4/15)
 Temple: D:4-7

Altars:
Elyvilon
Qazlal
Vehumet


Innate Abilities, Weirdness & Mutations

You are a hulking beast.
Your limbs bulge with bestial killing power. (Slay +2)
You cannot wear most types of armour.
You are amphibious.
You can wear up to eight rings at the same time.
Your skin changes colour to match your surroundings (Stealth+).
Your rubbery body absorbs attacks. (AC +1, EV +1)
((You are camouflaged when in or above water. (Stealth+)))
You have tentacles for arms and can constrict up to eight enemies at once.


Message History

You squeeze the gnoll bouda!
The gnoll bouda is severely wounded.
You constrict the gnoll bouda, but do no damage.
The gnoll hits you from afar with a +0 spear.
The gnoll bouda gazes fiercely through you!
You feel your attacks grow feeble.
The gnoll bouda hits you with a +0 whip.
* * * LOW HITPOINT WARNING * * *
It was a potion of brilliance.
You feel clever all of a sudden.
You constrict the gnoll bouda.
The gnoll is no longer moving quickly.
The gnoll misses you.
The gnoll bouda mumbles some strange prayers to its god.
The gnoll bouda is healed somewhat.
You feel yourself speed up.
You constrict the gnoll bouda.
The gnoll is no longer moving quickly.
You block the gnoll's attack.
The gnoll bouda mumbles some strange prayers to its god.
The gnoll bouda is healed somewhat.
You tentacle-slap the gnoll bouda.
The gnoll bouda is heavily wounded.
You constrict the gnoll bouda. The gnoll closely misses you.
The gnoll bouda barks out a call to the hunt!
The gnolls pick up the pace!
You hear a shout!
You tentacle-slap the gnoll bouda but do no damage.
The gnoll bouda is severely wounded.
You constrict the gnoll bouda. You block the gnoll's attack.
You tentacle-slap the gnoll bouda.
The gnoll bouda is almost dead.
You constrict the gnoll bouda.
You kill the gnoll bouda!
The gnoll attacks as it pursues you! The gnoll barely misses you.
Your attacks no longer feel as feeble.
The gnoll attacks as it pursues you!
The gnoll hits you from afar with a +0 spear!
* * * LOW HITPOINT WARNING * * *
The gnoll is no longer moving quickly.
The gnoll is no longer moving quickly.
The gnoll attacks as it pursues you!
The gnoll hits you from afar with a +0 spear.
You die...

###..... .# #.....
#.# #..... #.#
#..... #####.#
#..... #.....#
#..... ######.....#
#.....
#....'..†..####.....
###h##.....##.......
#.##.....##.......
#g######......#...
#.# #......#..# #.#
#......#..# #g#
#......#..# #g#
#......#..# #g#
######.#..# #.#
######.#...


You could see 4 gnolls.

Vanquished Creatures
  Sigmund (D:3)
  A gnoll bouda (D:4)
  Ijyb (D:4)
  Natasha (D:3)
  Robin (D:2)
  A gnoll (D:4)
  3 adders (D:3)
  A worm (D:3)
  2 dart slugs (D:1)
  4 endoplasms
  A giant cockroach (D:2)
  15 goblins
  8 hobgoblins
  2 jackals (D:2)
  6 kobolds
  3 ball pythons
  4 bats
  3 frilled lizards (D:1)
  6 rats
64 creatures vanquished.

Notes
Turn   | Place    | Note
-------+----------+-------------------------------------------
     0 | D:1      | timneilson the Octopode Shapeshifter began the quest for
                  | the Orb.
     0 | D:1      | Reached XP level 1. HP: 13/13 MP: 1/1
   248 | D:1      | Reached XP level 2. HP: 18/18 MP: 2/2
   491 | D:1      | Found a faded altar of an unknown god.
   976 | D:2      | Reached XP level 3. HP: 23/23 MP: 3/3
  1334 | D:3      | Found a radiant altar of Vehumet.
  1334 | D:3      | Noticed Robin
  1489 | D:2      | Killed Robin
  1490 | D:2      | Reached skill level 1 in Stealth
  1490 | D:2      | Reached XP level 4. HP: 20/29 MP: 4/4
  1606 | D:3      | Noticed Sigmund
  1612 | D:3      | Killed Sigmund
  1613 | D:3      | Reached skill level 1 in Spellcasting
  1613 | D:3      | Reached XP level 5. HP: 29/35 MP: 4/6
  1751 | D:3      | Found a stormy altar of Qazlal.
  1753 | D:3      | Found a white marble altar of Elyvilon.
  1763 | D:3      | Reached XP level 6. HP: 26/41 MP: 7/7
  2241 | D:4      | Noticed Natasha
  2241 | D:4      | Noticed Ijyb
  2292 | D:3      | Killed Natasha
  2317 | D:4      | Killed Ijyb
  2603 | D:4      | Slain by a gnoll

Illustrated notes

Levels and vault maps discovered:
D:1:      saegor_arrival_miasma, layout_loops_corners, basic_ecumenical_altar,
          st_stairs_5
D:2:      layout_basic
D:3:      layout_basic, mainiacjoe_overflow_catch_the_wave, lemuel_tele_altar,
          uniq_sigmund, uniq_robin
D:4:      layout_basic, minmay_temple_entry_gardened_gates, sigmund_army,
          uniq_natasha, uniq_ijyb

Skill      XL: |  1  2  3  4  5  6 |
---------------+-------------------+-----
Stealth        | 1 2 |  2.3
Fighting       | 2 |  2.8
Dodging        | 3 |  3.4
Spellcasting   | 1 |  1.4
Shapeshifting  | 4 |  4.0
Unarmed Combat | 4 |  4.0
Shields        | |  0.2
Evocations     | |  0.5

Action                     |  1- 3 |  4- 6 || total
---------------------------+-------+-------++-------
  Melee: Unarmed           |    59 |    62 ||   121
         Tentacles         |    15 |    12 ||    27
         Constrict         |    18 |    14 ||    32
         Punch             |     1 |       ||     1
    Use: Scroll            |     6 |     3 ||     9
         Potion            |       |     2 ||     2
   Stab: Sleeping          |     9 |     4 ||    13
 Armour: Skin              |    30 |    36 ||    66
  Dodge: Dodged            |    34 |    24 ||    58
  Block: Kite shield       |       |    11 ||    11

Table legend: (Time is in decaauts)
 A = Elapsed time spent in this place.
 B = Non-inter-level travel time spent in this place.
 C = Inter-level travel time spent in this place.
 D = Time resting spent in this place.
 E = Time spent auto-exploring this place.
 F = Levels seen in this place.
 G = Mean time per level.
                   A        B        C        D        E       F      G
               +--------+--------+--------+--------+--------+-----+--------+
         Total |   2605 |   2485 |    120 |    402 |   1473 |   4 |  651.2 |
       Dungeon |   2605 |   2485 |    120 |    402 |   1473 |   4 |  651.2 |
               +--------+--------+--------+--------+--------+-----+--------+

Top non-repeatable levels by time:
     D:3: 948 daAuts
     D:1: 854 daAuts
     D:2: 619 daAuts
     D:4: 184 daAuts
